[Event "Titled Tuesday Blitz August 15 Early 2023"]
[White "Akobian, Varuzhan"]
[Black "Matlakov, Maxim"]
[WhiteFideId "13300580"]
[BlackFideId "4168003"]
[WhiteElo "2721"]
[BlackElo "2969"]
[Result "0-1"]
[Round "5"]
[TimeControl "180+1"]
[Date "2023.08.15"]
[WhiteClock "0:00:00"]
[BlackClock "0:00:04"]
[Board "24"]

1. d4 Nf6 2. c4 e6 3. Nf3 b6 4. a3 Bb7 5. Nc3 Ne4 6. Nxe4 Bxe4 7. Bf4 Be7 8. e3 O-O 9. Bd3 Bxd3 10. Qxd3 d6 11. O-O Nd7 12. Rfd1 a5 13. b4 Qc8 14. h3 h6 15. b5 Qb7 16. a4 Rfe8 17. Qc2 Rad8 18. Rac1 f5 19. Bg3 Nf6 20. Nd2 Bf8 21. Bh4 g5 22. Bg3 Rd7 23. d5 exd5 24. Qxf5 Bg7 25. h4 g4 26. Bf4 Rf7 27. Qg6 Nd7 28. cxd5 Qxd5 29. Rxc7 Re6 30. Qc2 Nc5 31. Rxf7 Kxf7 32. Nc4 Qh5 33. Rxd6 Bf8 34. Rxb6 Qxh4 35. Qf5+ Qf6 36. Qxf6+ Kxf6 37. Rxe6+ Kxe6 38. Nxa5 Nxa4 39. Nc4 Kd5 40. b6 Nc5 41. Na5 Bd6 42. b7 Nd7 43. Bxh6 Kc5 44. Bf4 Bxf4 45. exf4 Kb5 0-1


[Site "https://www.chess.com"]

[Event "Titled Tuesday Blitz August 15 Early 2023"]
[White "Alex_Sahakyan2006"]
[Black "Elsa167"]
[WhiteElo "2711"]
[BlackElo "2957"]
[Result "1-0"]
[Round "5"]
[TimeControl "180+1"]
[Date "2023.08.15"]
[WhiteClock "0:00:44"]
[BlackClock "0:00:00"]
[Board "25"]

1. e4 c5 2. Nf3 d6 3. Bb5+ Nd7 4. a4 Nf6 5. Nc3 a6 6. Be2 b6 7. d4 cxd4 8. Qxd4 Bb7 9. O-O e6 10. Rd1 Qc7 11. Be3 Be7 12. Nd2 O-O 13. Nc4 Nc5 14. a5 b5 15. Nxd6 Bxd6 16. Qxd6 Qxd6 17. Rxd6 Ncxe4 18. Nxe4 Bxe4 19. c4 bxc4 20. Bxc4 Bb7 21. Rb6 Bc8 22. Rd1 Nd5 23. Bxd5 exd5 24. Rxd5 Be6 25. Rdd6 Bc4 26. h4 h6 27. Rd4 Bb5 28. Rg4 Kh7 29. Bd4 f6 30. Rb7 1-0


[Site "https://www.chess.com"]

[Event "Titled Tuesday Blitz August 15 Early 2023"]
[White "Priasmoro, Novendra"]
[Black "Hakobyan, Aram"]
[WhiteFideId "7105029"]
[BlackFideId "13306677"]
[WhiteElo "2709"]
[BlackElo "2952"]
[Result "0-1"]
[Round "5"]
[TimeControl "180+1"]
[Date "2023.08.15"]
[WhiteClock "0:00:41"]
[BlackClock "0:01:08"]
[Board "26"]

1. Nf3 d5 2. g3 Nc6 3. d4 Bf5 4. Bg2 e6 5. O-O Nb4 6. Ne1 Nf6 7. Nd3 c6 8. Bf4 h6 9. Nxb4 Bxb4 10. c3 Bd6 11. Bxd6 Qxd6 12. Nd2 h5 13. Re1 h4 14. e4 dxe4 15. Nxe4 Bxe4 16. Bxe4 hxg3 17. hxg3 Nxe4 18. Rxe4 Qd5 19. Qf3 Ke7 20. Rf4 Qxf3 21. Rxf3 Rh5 22. Kg2 Rah8 23. Rg1 a5 24. Kf1 a4 25. Rd3 Rb5 26. Rd2 g5 27. Ke2 g4 28. Ke3 Rhh5 29. Rb1 Rhf5 30. b4 Rf3+ 31. Ke2 Rxc3 32. Rd3 Rc2+ 33. Rd2 Rxd2+ 34. Kxd2 Rf5 35. Ke2 Kd6 36. Rh1 a3 37. Rh4 Rb5 38. Rxg4 Rxb4 39. Rg7 Rb2+ 40. Ke3 Ke7 41. Rxf7+ Kxf7 0-1


[Site "https://www.chess.com"]

[Event "Titled Tuesday Blitz August 15 Early 2023"]
[White "GaiozNigalidze"]
[Black "Keymer, Vincent"]
[BlackFideId "12940690"]
[WhiteElo "2701"]
[BlackElo "2949"]
[Result "1-0"]
[Round "5"]
[TimeControl "180+1"]
[Date "2023.08.15"]
[WhiteClock "0:00:23"]
[BlackClock "0:00:12"]
[Board "27"]

1. d4 Nf6 2. c4 e6 3. Nf3 d5 4. cxd5 exd5 5. Nc3 c6 6. g3 Bf5 7. Bg2 h6 8. O-O Nbd7 9. Ne5 Be7 10. Nxd7 Qxd7 11. Bf4 O-O 12. Qb3 Rfe8 13. Rfe1 a5 14. a3 b5 15. Rac1 a4 16. Qd1 Bf8 17. Be5 Ng4 18. Bf4 g5 19. Bd2 Bg7 20. e3 Nf6 21. Ne2 Rac8 22. Bb4 Bh3 23. Qc2 Qe6 24. Qd3 Nd7 25. Bc5 Bxg2 26. Kxg2 f5 27. Ng1 Qf7 28. Nf3 Re6 29. Rc2 Rce8 30. Rec1 Qf6 31. Bb4 Nb6 32. Ne5 Nc4 33. f4 gxf4 34. exf4 h5 35. h4 Qh6 36. Re1 Qh7 37. Kh3 Rc8 38. Rce2 Bxe5 39. fxe5 Rc7 40. Rf2 Rf7 41. Ref1 Qg6 42. Rxf5 Rxf5 43. Rxf5 Kh7 44. Rxh5+ Kg7 45. Rg5 1-0


[Site "https://www.chess.com"]

[Event "Titled Tuesday Blitz August 15 Early 2023"]
[White "Gorovets, Andrey"]
[Black "Shtembuliak, Evgeny"]
[WhiteFideId "13504037"]
[BlackFideId "14113325"]
[WhiteElo "2697"]
[BlackElo "2944"]
[Result "1-0"]
[Round "5"]
[TimeControl "180+1"]
[Date "2023.08.15"]
[WhiteClock "0:00:07"]
[BlackClock "0:00:00"]
[Board "28"]

1. d4 Nf6 2. c4 e6 3. Nf3 d5 4. g3 Bb4+ 5. Bd2 Be7 6. Bg2 O-O 7. Qc2 Nbd7 8. O-O Ne4 9. Bf4 c6 10. Ne5 Nd6 11. Nd2 Nf5 12. Ndf3 g5 13. Nxd7 Bxd7 14. Be3 g4 15. Ne5 Nxe3 16. fxe3 f5 17. c5 Bg5 18. Qc3 a5 19. b3 Be8 20. a3 h5 21. h4 gxh3 22. Bxh3 Bh6 23. Kh2 Kh7 24. Qd3 Qg5 25. Rf3 Rg8 26. Rg1 Bg6 27. Qd2 Rg7 28. Qc3 Kh8 29. Qd2 Bh7 30. Qc3 Qf6 31. Qe1 Bg5 32. Qf1 Qh6 33. Qf2 Rag8 34. Rf4 Bf6 35. Rg2 Bxe5 36. dxe5 Rg5 37. Rh4 Qg7 38. Qf4 Qe7 39. Qd4 Qg7 40. Qf4 Rb8 41. b4 axb4 42. axb4 Ra8 43. e4 dxe4 44. e3 Rg8 45. Rg1 Qe7 46. Bf1 Qg7 47. Be2 Qf7 48. Rg2 Qe8 49. Rg1 R8g7 50. Rd1 Rg8 51. Rd6 Qg6 52. Rh3 Qh6 53. Bd1 Qg6 54. Be2 Qh6 55. Bxh5 Qg7 56. Be2 Qe7 57. Qh4 R8g7 58. Qh6 Kg8 59. Qf6 Qxf6 60. exf6 Rf7 61. Rxe6 Rg6 62. Bc4 Kf8 63. Rd6 1-0


[Site "https://www.chess.com"]

[Event "Titled Tuesday Blitz August 15 Early 2023"]
[White "Hua, Lefong"]
[Black "Demidov, Mikhail"]
[WhiteFideId "2602253"]
[BlackFideId "4197143"]
[WhiteElo "2694"]
[BlackElo "2934"]
[Result "1/2-1/2"]
[Round "5"]
[TimeControl "180+1"]
[Date "2023.08.15"]
[WhiteClock "0:00:09"]
[BlackClock "0:00:04"]
[Board "29"]

1. d4 d5 2. c4 c6 3. Nf3 Nf6 4. Nc3 dxc4 5. a4 Bf5 6. Ne5 Na6 7. e3 Nb4 8. Bxc4 e6 9. O-O Be7 10. f3 Bc2 11. Qe2 O-O 12. Na2 Nxa2 13. Rxa2 Bg6 14. Rd1 Qc7 15. e4 Rad8 16. Be3 Nd7 17. Nxg6 hxg6 18. a5 Bd6 19. h3 Bf4 20. Bf2 Bg3 21. Be3 Nf6 22. Bg5 Rd7 23. Bxf6 gxf6 24. b4 Rfd8 25. Rad2 a6 26. Rd3 Kg7 27. Qb2 Qf4 28. Ba2 Qg5 29. d5 exd5 30. exd5 cxd5 31. Qd2 Bf4 32. Qf2 d4 33. Kh1 Be5 34. Kg1 Qf4 35. Kf1 Rc7 36. Bb3 Rdc8 37. g3 Qxg3 38. Qxg3 Bxg3 39. Rxd4 Rc3 40. R4d3 Rxd3 41. Rxd3 Rc7 42. Ke2 f5 43. Rd5 Kh6 44. Rc5 Re7+ 45. Kf1 Bd6 46. Rc4 Re3 47. Bd1 Bg3 48. Kg2 Bd6 49. Rd4 Bf8 50. Rd7 Bxb4 51. Rxf7 Bxa5 52. Rxb7 Be1 53. Ra7 a5 54. Ra6 Kg5 55. Kf1 Bb4 56. Kg2 Rd3 57. Be2 Rd2 58. Kf1 Rb2 59. h4+ Kxh4 60. Rxg6 Rd2 61. f4 Bd6 62. Rg5 Bxf4 63. Rxf5 Kg3 64. Rxa5 Rb2 65. Ra3+ Kh4 66. Rf3 Kg5 67. Kf2 Kf5 68. Kf1 Ke5 69. Kf2 Ke4 70. Kf1 Be3 71. Rf8 Rb1+ 72. Kg2 Rg1+ 73. Kh2 Rg7 74. Bf3+ Ke5 75. Re8+ Kf4 76. Bg2 Bc5 77. Rc8 Bd6 78. Rc4+ Ke3+ 79. Kg1 Bc7 80. Re4+ Kd3 81. Kf2 Bb6+ 82. Kf1 Rf7+ 83. Ke1 Ba5+ 84. Kd1 Rf2 85. Rg4 Bc3 86. Be4+ Ke3 87. Bg6 Rd2+ 88. Kc1 Rh2 89. Re4+ Kf3 90. Re6 Bd2+ 91. Kc2 Bf4+ 92. Kd3 Rd2+ 93. Kc4 Rd8 94. Be4+ Kg4 95. Bd5 Kf5 96. Rc6 Be5 97. Be6+ Kf4 98. Bd5 Kf5 99. Be6+ Ke4 100. Bh3 Rd2 101. Be6 Rc2+ 102. Kb5 Rb2+ 103. Kc5 Bd4+ 104. Kd6 Rb8 105. Bd5+ Kf4 106. Ke6 Re8+ 107. Kd7 Re5 108. Be6 Ra5 109. Bc4 Ke5 110. Re6+ Kf4 111. Rc6 Be5 112. Ke6 Bd4 113. Bd5 Ra7 114. Kd6 1/2-1/2


[Site "https://www.chess.com"]

[Event "Titled Tuesday Blitz August 15 Early 2023"]
[White "Kazakouski, Valery"]
[Black "Matinian, Nikita"]
[WhiteFideId "13507443"]
[BlackFideId "24129100"]
[WhiteElo "2916"]
[BlackElo "2693"]
[Result "1-0"]
[Round "5"]
[TimeControl "180+1"]
[Date "2023.08.15"]
[WhiteClock "0:01:34"]
[BlackClock "0:00:18"]
[Board "30"]

1. Nf3 Nf6 2. c4 g6 3. g3 Bg7 4. Bg2 O-O 5. O-O d6 6. d4 c6 7. Nc3 Bf5 8. Ng5 d5 9. Qb3 Qb6 10. cxd5 h6 11. e4 Bc8 12. Nf3 cxd5 13. Qxb6 axb6 14. e5 Nfd7 15. Nxd5 Nc6 16. Be3 e6 17. Nc7 Ra5 18. Rfc1 Rd8 19. a4 Bf8 20. Nd2 Kg7 21. Nc4 Ra7 22. f4 Bb4 23. Kf2 Ndb8 24. Nxb6 Bd7 25. d5 exd5 26. Nbxd5 Ba5 27. b4 Bxc7 28. Nxc7 Nxb4 29. Bxa7 Nd3+ 30. Kg1 Nxc1 31. Rxc1 Bxa4 32. Bxb7 Rd7 33. Bxb8 1-0


[Site "https://www.chess.com"]

[Event "Titled Tuesday Blitz August 15 Early 2023"]
[White "Zhigalko, Sergei"]
[Black "ChainedDowntohell"]
[WhiteFideId "13502956"]
[WhiteElo "2914"]
[BlackElo "2686"]
[Result "1-0"]
[Round "5"]
[TimeControl "180+1"]
[Date "2023.08.15"]
[WhiteClock "0:00:05"]
[BlackClock "0:00:09"]
[Board "31"]

1. e4 c5 2. Nf3 g6 3. c3 d5 4. exd5 Qxd5 5. d4 Bg7 6. Na3 cxd4 7. Bc4 Qe4+ 8. Be3 Nh6 9. Nb5 O-O 10. cxd4 Nc6 11. Nc3 Qg4 12. O-O Qh5 13. Be2 Bg4 14. h3 Bxf3 15. Bxf3 Qa5 16. g4 f5 17. Qb3+ Kh8 18. Qxb7 Nxd4 19. Bxd4 Bxd4 20. Qxe7 Rae8 21. Qd6 Bc5 22. Qg3 fxg4 23. hxg4 Qb4 24. Rac1 Bd6 25. Qh3 Qf4 26. Rcd1 Be5 27. Kg2 Nf7 28. Qg3 Qf6 29. Nd5 Ng5 30. Nxf6 Bxg3 31. Nxe8 Be5 32. Nd6 Rxf3 33. Nc4 Bf6 34. Rd6 Rf4 35. Ne3 Kg7 36. Rd7+ Kh6 37. Rh1+ Nh3 38. Rxh3+ Kg5 39. Rd5+ Be5 40. Rxe5+ Kf6 41. Nd5+ Kxe5 42. Nxf4 1-0


[Site "https://www.chess.com"]

[Event "Titled Tuesday Blitz August 15 Early 2023"]
[White "Kushko, Dmitriy"]
[Black "Demchenko, Anton"]
[WhiteFideId "14162261"]
[BlackFideId "4160258"]
[WhiteElo "2687"]
[BlackElo "2912"]
[Result "0-1"]
[Round "5"]
[TimeControl "180+1"]
[Date "2023.08.15"]
[WhiteClock "0:00:22"]
[BlackClock "0:01:12"]
[Board "32"]

1. Nf3 Nf6 2. g3 b5 3. Na3 a6 4. c4 e6 5. b3 bxc4 6. Nxc4 a5 7. Bg2 Bb7 8. O-O Be7 9. d4 a4 10. bxa4 O-O 11. Qb3 Bd5 12. Nfe5 d6 13. Nd3 Nc6 14. Bxd5 exd5 15. Ne3 Nxd4 16. Qb2 c5 17. Nf4 Re8 18. Nexd5 Nxd5 19. Nxd5 Bf6 20. Nxf6+ Qxf6 21. e3 Rab8 22. exd4 Rxb2 23. Bxb2 h5 24. Rab1 Re2 25. h4 g5 26. hxg5 Qxg5 27. dxc5 h4 28. Bc1 Qxc5 29. gxh4 Re4 30. Rb3 Rxh4 31. Rg3+ Kf8 32. Ba3 Qd5 33. a5 Rh1# 0-1


[Site "https://www.chess.com"]

[Event "Titled Tuesday Blitz August 15 Early 2023"]
[White "Perez Ponsa, Federico"]
[Black "Papasimakopoulos, Alexandros"]
[WhiteFideId "117927"]
[BlackFideId "4244125"]
[WhiteElo "2910"]
[BlackElo "2675"]
[Result "0-1"]
[Round "5"]
[TimeControl "180+1"]
[Date "2023.08.15"]
[WhiteClock "0:00:00"]
[BlackClock "0:00:57"]
[Board "33"]

1. e4 e6 2. d4 d5 3. Nc3 Bb4 4. Ne2 Nf6 5. e5 Nfd7 6. a3 Be7 7. f4 c5 8. Be3 Nc6 9. Qd2 cxd4 10. Nxd4 Nxd4 11. Bxd4 Bc5 12. O-O-O a6 13. h4 h5 14. f5 Bxd4 15. Qxd4 Qb6 16. Qf4 Nc5 17. Qg5 Bd7 18. Qxg7 O-O-O 19. Qxf7 Rdf8 20. Qe7 Rxf5 21. Qd6 Qc7 22. Qxc7+ Kxc7 23. Re1 d4 24. Nd1 Bc6 25. Rg1 Rg8 26. b4 Ne4 27. Bd3 Rf4 28. Ref1 Rxh4 29. Rf7+ Kb6 30. Nb2 Bb5 31. Nc4+ Bxc4 32. Bxc4 Nc3 33. Rf6 Re8 34. Rgf1 Ka7 35. Bxe6 Re4 36. Rf7 Rxe6 37. Rh7 R4xe5 38. Rff7 Re1+ 0-1


[Site "https://www.chess.com"]

[Event "Titled Tuesday Blitz August 15 Early 2023"]
[White "Grigorjev, Iljya"]
[Black "Aaditya Dhingra"]
[WhiteFideId "24159565"]
[BlackFideId "25678191"]
[WhiteElo "2908"]
[BlackElo "2671"]
[Result "1-0"]
[Round "5"]
[TimeControl "180+1"]
[Date "2023.08.15"]
[WhiteClock "0:01:40"]
[BlackClock "0:02:03"]
[Board "34"]

1. d4 Nf6 2. c4 a6 3. Nc3 c5 4. dxc5 Qa5 5. Nf3 Nc6 6. g3 Qxc5 7. b3 g6 8. Bb2 Bg7 9. Bg2 O-O 10. O-O d6 11. Rc1 Qh5 12. Qd2 Bh3 13. Nd5 Ng4 14. Bxg7 Kxg7 15. Nf4 1-0


[Site "https://www.chess.com"]

[Event "Titled Tuesday Blitz August 15 Early 2023"]
[White "Kleiman, Jake"]
[Black "He, Anthony"]
[WhiteFideId "2020041"]
[BlackFideId "2088215"]
[WhiteElo "2661"]
[BlackElo "2904"]
[Result "0-1"]
[Round "5"]
[TimeControl "180+1"]
[Date "2023.08.15"]
[WhiteClock "0:00:00"]
[BlackClock "0:00:16"]
[Board "35"]

1. e4 e5 2. Nf3 Nc6 3. Bc4 Bc5 4. c3 Nf6 5. d3 d6 6. Bb3 O-O 7. O-O h6 8. h3 a6 9. Re1 Re8 10. Nbd2 Ba7 11. Nf1 Be6 12. Bc2 d5 13. Qe2 Qd6 14. Ng3 Rad8 15. Nh4 Ne7 16. Qf3 Kh7 17. Nhf5 Nxf5 18. Nxf5 Bxf5 19. Qxf5+ g6 20. Qf3 Kg7 21. Re2 b5 22. a3 d4 23. Bd2 c5 24. cxd4 Qxd4 25. Bc3 Qd6 26. b4 Rc8 27. Bb3 cxb4 28. Bxb4 Bc5 29. Bd2 Bd4 30. Rb1 Rc6 31. a4 Rb8 32. a5 Rbc8 33. g4 R8c7 34. Kg2 Bc3 35. Be3 Bd4 36. Bd2 Qe7 37. Rh1 Qd7 38. Kh2 Bc3 39. Be3 Bxa5 40. Rg1 Rc3 41. Ba2 Qxd3 42. Bb1 Qd6 43. h4 Bb6 44. g5 hxg5 45. hxg5 Nh5 46. Rg4 Bxe3 47. Rxe3 Rxe3 48. Qxe3 Qc5 49. Qf3 Qc1 50. Ba2 Nf4 51. Rh4 Rc2 52. Bd5 Qe1 53. Rxf4 exf4 54. Kg2 Qe3 0-1


[Site "https://www.chess.com"]

[Event "Titled Tuesday Blitz August 15 Early 2023"]
[White "Galchenko, Matvey"]
[Black "Shuvalova, Polina"]
[WhiteFideId "24175480"]
[BlackFideId "24171760"]
[WhiteElo "2899"]
[BlackElo "2646"]
[Result "1-0"]
[Round "5"]
[TimeControl "180+1"]
[Date "2023.08.15"]
[WhiteClock "0:00:45"]
[BlackClock "0:00:00"]
[Board "36"]

1. f4 f5 2. Nf3 Nf6 3. g3 g6 4. Bg2 Bg7 5. O-O O-O 6. d3 d6 7. Nc3 Nbd7 8. e4 e6 9. Qe2 Re8 10. e5 Nd5 11. d4 Nxc3 12. bxc3 Nb6 13. h3 Bd7 14. g4 Bc6 15. Re1 Qd7 16. Qf2 Rad8 17. Qh4 Qe7 18. Qg3 Be4 19. Nh4 Bxg2 20. Nxg2 Qd7 21. h4 Kh8 22. h5 fxg4 23. hxg6 Rg8 24. gxh7 Rgf8 25. Nh4 Qf7 26. f5 dxe5 27. Ng6+ Kxh7 28. Qh4+ Kg8 29. Ne7+ Qxe7 30. Qxe7 exf5 31. Bg5 Rde8 32. Qxc7 f4 33. dxe5 f3 34. Bh4 Rf7 35. Qd6 Nc4 36. Qd5 Nxe5 37. Bg3 Kf8 38. Rxe5 Bxe5 39. Bxe5 1-0


[Site "https://www.chess.com"]

[Event "Titled Tuesday Blitz August 15 Early 2023"]
[White "Omorjan, Dejan"]
[Black "Donchenko, Alexander"]
[WhiteFideId "955345"]
[BlackFideId "24603295"]
[WhiteElo "2640"]
[BlackElo "2895"]
[Result "0-1"]
[Round "5"]
[TimeControl "180+1"]
[Date "2023.08.15"]
[WhiteClock "0:00:00"]
[BlackClock "0:01:25"]
[Board "37"]

1. d4 Nf6 2. c4 e6 3. Nf3 d5 4. Nc3 dxc4 5. e4 b5 6. e5 Nd5 7. Nxb5 Nb6 8. Be2 Nc6 9. O-O Be7 10. Be3 O-O 11. Qc1 Rb8 12. Nc3 Nb4 13. Rd1 Bb7 14. a3 N4d5 15. Qc2 Bc6 16. Re1 h6 17. Ne4 Na4 18. Rab1 Nxe3 19. fxe3 Bxe4 20. Qxe4 Nxb2 21. Qc2 Bxa3 22. Bxc4 Nxc4 23. Qxc4 Be7 24. Qa4 Rxb1 25. Rxb1 Qa8 26. Ra1 Qe4 27. Kf2 Ra8 28. Qc4 c5 29. Nd2 Qf5+ 30. Kg1 Bg5 31. Qe2 cxd4 32. exd4 Qc2 33. Rd1 Rd8 0-1


[Site "https://www.chess.com"]

[Event "Titled Tuesday Blitz August 15 Early 2023"]
[White "Arias, Juan Cruz"]
[Black "Kovalev, Vladislav"]
[WhiteFideId "118540"]
[BlackFideId "13504398"]
[WhiteElo "2638"]
[BlackElo "2874"]
[Result "0-1"]
[Round "5"]
[TimeControl "180+1"]
[Date "2023.08.15"]
[WhiteClock "0:00:07"]
[BlackClock "0:00:10"]
[Board "38"]

1. d4 Nf6 2. Nf3 e6 3. e3 d5 4. Bd3 c5 5. c3 Nc6 6. O-O Qc7 7. Nbd2 Be7 8. dxc5 Bxc5 9. b4 Bd6 10. Bb2 O-O 11. a3 Rd8 12. c4 Ne5 13. Nxe5 Bxe5 14. Bxe5 Qxe5 15. Nf3 Qh5 16. cxd5 Rxd5 17. Qb3 b6 18. Be2 Bb7 19. Rfd1 Rad8 20. h3 h6 21. Rxd5 Bxd5 22. Qc3 Qg6 23. Qc7 Ra8 24. Rc1 Ne4 25. Bd3 f5 26. Ne5 Qf6 27. f4 a5 28. Qxb6 axb4 29. Qxb4 Qh4 30. Bxe4 Bxe4 31. Kh2 Qf2 32. Rg1 Qxe3 33. Ng6 Kh7 34. Nf8+ Rxf8 35. Qxf8 Qxf4+ 36. Kh1 Qg3 37. Qb8 Qxb8 0-1


[Site "https://www.chess.com"]

[Event "Titled Tuesday Blitz August 15 Early 2023"]
[White "Eynullayev, Atilla"]
[Black "Bacrot, Etienne"]
[WhiteFideId "13413570"]
[BlackFideId "605506"]
[WhiteElo "2635"]
[BlackElo "2865"]
[Result "0-1"]
[Round "5"]
[TimeControl "180+1"]
[Date "2023.08.15"]
[WhiteClock "0:00:02"]
[BlackClock "0:00:07"]
[Board "39"]

1. d4 Nf6 2. c4 e6 3. Nc3 Bb4 4. e3 O-O 5. Bd3 d5 6. a3 Bxc3+ 7. bxc3 b6 8. cxd5 exd5 9. Ne2 Ba6 10. Bc2 Ne4 11. O-O Re8 12. f3 Nd6 13. Rf2 Nd7 14. Ng3 Nf6 15. a4 Bc4 16. Bb1 Re6 17. Qc2 g6 18. Bd2 Qd7 19. Qd1 Rae8 20. a5 b5 21. Bc2 a6 22. Qc1 h5 23. h3 Qc6 24. Qb2 R8e7 25. Re1 h4 26. Nh1 Nh5 27. Qb1 Qe8 28. Bc1 Nf4 29. Kh2 Nh5 30. Rd1 Rxe3 31. Bxe3 Rxe3 32. Rdd2 Qe7 33. Bd3 Nf4 34. Bxc4 Nxc4 35. Rc2 Nd3 36. Rf1 Qd6+ 37. Kg1 Qf4 38. Ra2 Qg5 39. Qd1 Nf4 40. Rff2 Re6 41. Kf1 Ne3+ 42. Kg1 Nxd1 0-1


[Site "https://www.chess.com"]

[Event "Titled Tuesday Blitz August 15 Early 2023"]
[White "Lysyj, Igor"]
[Black "Sipila, Vilka"]
[WhiteFideId "4150120"]
[BlackFideId "505455"]
[WhiteElo "2863"]
[BlackElo "2633"]
[Result "1-0"]
[Round "5"]
[TimeControl "180+1"]
[Date "2023.08.15"]
[WhiteClock "0:00:16"]
[BlackClock "0:00:05"]
[Board "40"]

1. d4 d5 2. c4 dxc4 3. Nf3 Nf6 4. e3 e6 5. Bxc4 c5 6. O-O Nc6 7. Nc3 a6 8. Bb3 cxd4 9. exd4 Be7 10. Re1 O-O 11. Bf4 Nd5 12. Bg3 Bb4 13. Qd3 Nce7 14. Bc2 Nf5 15. a3 Bd6 16. Bh4 Be7 17. Bxe7 Ndxe7 18. g4 Ng6 19. gxf5 exf5 20. d5 Qd6 21. Qd4 Bd7 22. Ne5 Rad8 23. Nxg6 Qxg6+ 24. Kh1 Qh6 25. Rg1 g6 26. Rae1 Rfe8 27. h4 f4 28. Qf6 Rc8 29. Qg5 Qg7 30. Qxf4 b5 31. Bb3 Rcd8 32. Ne4 Bf5 33. Nd6 Rxe1 34. Rxe1 Bd3 35. Re7 Rf8 36. Nxf7 Bc4 37. Bxc4 bxc4 38. Nh6+ Kh8 39. Rxg7 1-0


[Site "https://www.chess.com"]

[Event "Titled Tuesday Blitz August 15 Early 2023"]
[White "Kuzhilniy, Oleksandr"]
[Black "Bernadskiy, Vitaliy"]
[WhiteFideId "34110500"]
[BlackFideId "14100371"]
[WhiteElo "2631"]
[BlackElo "2857"]
[Result "0-1"]
[Round "5"]
[TimeControl "180+1"]
[Date "2023.08.15"]
[WhiteClock "0:00:00"]
[BlackClock "0:00:42"]
[Board "41"]

1. e4 c6 2. d4 d5 3. exd5 Nf6 4. Bd3 Qxd5 5. Nf3 Bg4 6. Nc3 Qd8 7. Be3 e6 8. h3 Bh5 9. g4 Bg6 10. Ne5 Bb4 11. Nxg6 hxg6 12. Qf3 Qd5 13. Qxd5 cxd5 14. Ke2 Bxc3 15. bxc3 Nc6 16. c4 dxc4 17. Bxc4 Kd7 18. Bb3 a5 19. Ba4 Nd5 20. Kd2 Rhc8 21. Rab1 Rc7 22. c4 Nxe3 23. fxe3 Ke7 24. a3 Rd8 25. Bxc6 bxc6 26. Kc3 c5 27. Rb5 Rdc8 28. d5 exd5 29. cxd5 Kd6 30. Kc4 Re8 31. Rb6+ Kd7 32. d6 Rc6 33. Rb7+ Kxd6 34. Rxf7 Re4+ 35. Kd3 Ra4 36. Rxg7 c4+ 37. Kc2 Kc5 38. Ra1 Kd5 39. h4 c3 40. h5 Rxg4 41. Rxg6 Rcxg6 42. hxg6 Kc4 43. Rd1 Rg2+ 44. Kc1 Kb3 45. e4 Ra2 0-1


[Site "https://www.chess.com"]

[Event "Titled Tuesday Blitz August 15 Early 2023"]
[White "Ter-Sahakyan, Samvel"]
[Black "Ovchinnikov, Vsevolod"]
[WhiteFideId "13302531"]
[BlackFideId "24176842"]
[WhiteElo "2845"]
[BlackElo "2631"]
[Result "0-1"]
[Round "5"]
[TimeControl "180+1"]
[Date "2023.08.15"]
[WhiteClock "0:00:00"]
[BlackClock "0:00:08"]
[Board "42"]

1. c4 Nf6 2. Nc3 d5 3. cxd5 Nxd5 4. g3 g6 5. Bg2 Nb6 6. h4 Bg7 7. h5 Nc6 8. d3 Bg4 9. hxg6 hxg6 10. Rxh8+ Bxh8 11. Bxc6+ bxc6 12. Qc2 c5 13. b3 Nd5 14. Bb2 Nb4 15. Qd2 Bd4 16. Nb5 Bxb2 17. Qxb2 a6 18. Na3 Qd4 19. Qxd4 cxd4 20. Kd2 c5 21. Nc2 Nxc2 22. Kxc2 Kd7 23. Kd2 Kd6 24. Nf3 Bxf3 25. exf3 Rh8 26. Rc1 a5 27. Rc4 Kc6 28. Rc1 e6 29. f4 Kb5 30. Ke2 Rh5 31. Kf3 Kb4 32. Rc4+ Kb5 33. Kg2 Rh7 34. Ra4 Rh8 35. Rc4 Rh7 36. Rc1 Rh5 37. Kf3 Kb4 38. Rc4+ Kb5 39. Ke4 Rh2 40. Rc2 Rh5 41. g4 Rh3 42. g5 Rh1 43. Ke5 Rh4 44. Rd2 Kc6 45. Rc2 Kb5 46. Re2 Kc6 47. Rd2 Kb5 48. Rc2 Kc6 49. a4 Rg4 50. Rd2 Rh4 51. Re2 Rg4 52. Rd2 Rh4 53. f3 Rh3 54. Rf2 Rh7 55. Kf6 Kd5 56. Rb2 Kc6 57. Rc2 Kd5 58. Re2 Kc6 59. Ke7 Kd5 60. Kf8 Rh4 61. Kxf7 Rxf4+ 62. Kxg6 Rxf3 63. Rd2 e5 64. Kh7 Rh3+ 65. Kg7 e4 66. dxe4+ Kxe4 67. g6 Rxb3 68. Kf6 Rf3+ 69. Ke6 Rg3 70. Kf7 d3 71. Rf2 c4 72. Rf6 c3 73. Re6+ Kd4 74. Rd6+ Ke3 75. Re6+ Kd2 0-1


[Site "https://www.chess.com"]

[Event "Titled Tuesday Blitz August 15 Early 2023"]
[White "Gamayev, Oleg"]
[Black "Kukhmazov, Arsen"]
[WhiteFideId "2802813"]
[BlackFideId "24108260"]
[WhiteElo "2627"]
[BlackElo "2844"]
[Result "0-1"]
[Round "5"]
[TimeControl "180+1"]
[Date "2023.08.15"]
[WhiteClock "0:00:35"]
[BlackClock "0:00:12"]
[Board "43"]

1. d3 d5 2. e4 c6 3. Nf3 g6 4. Be2 Bg7 5. c3 e5 6. O-O Ne7 7. Re1 O-O 8. Nbd2 Be6 9. b3 h6 10. a4 Nd7 11. Ba3 Re8 12. Rc1 c5 13. exd5 Nxd5 14. Nc4 Qc7 15. Bf1 Rad8 16. Qc2 b6 17. Rcd1 f5 18. Bc1 Bf7 19. h3 Nb8 20. g3 Nc6 21. Bg2 Nxc3 22. Qxc3 e4 23. Qd2 exf3 24. Rxe8+ Rxe8 25. Bxf3 Nd4 26. Bg2 Nxb3 27. Qf4 Qxf4 28. Bxf4 g5 29. Bc7 Re7 30. Bd6 Re2 31. Bb8 Re7 32. Nd6 Be6 33. Re1 Nd4 34. Nc8 Re8 35. Bxa7 Rxc8 36. Bxb6 Bd7 37. a5 Bc6 38. Bxc5 Bxg2 39. Bxd4 Bxd4 40. Kxg2 Rc2 41. Rf1 Ra2 42. Kf3 Kf7 43. g4 Kf6 44. h4 Rxa5 45. hxg5+ hxg5 46. gxf5 Kxf5 47. Rb1 Rd5 48. Rb3 g4+ 49. Ke2 Re5+ 50. Kf1 Ra5 51. Rb4 Ke5 52. Rb8 Ra2 53. Rf8 Rd2 54. Kg2 Rxd3 55. f3 gxf3+ 56. Rxf3 Rd2+ 57. Kg3 Rd1 58. Kg4 Rg1+ 59. Rg3 Rf1 60. Rf3 Rh1 61. Rh3 Ra1 62. Rg3 Ke4 63. Kg5 Ra8 64. Rg4+ Ke5 65. Rg3 Rg8+ 66. Kh4 Bf2 0-1


[Site "https://www.chess.com"]

[Event "Titled Tuesday Blitz August 15 Early 2023"]
[White "Ezat, Mohamed"]
[Black "Lagarde, Maxime"]
[WhiteFideId "10600906"]
[BlackFideId "662399"]
[WhiteElo "2625"]
[BlackElo "2833"]
[Result "0-1"]
[Round "5"]
[TimeControl "180+1"]
[Date "2023.08.15"]
[WhiteClock "0:00:22"]
[BlackClock "0:01:51"]
[Board "44"]

1. d4 Nc6 2. Nf3 d6 3. c4 Nf6 4. Nc3 g6 5. e4 Bg7 6. d5 Nb8 7. Be2 O-O 8. Bg5 a5 9. O-O Na6 10. e5 dxe5 11. Nxe5 Nc5 12. Bf3 Bf5 13. g4 Nfe4 14. gxf5 Nxg5 15. Re1 gxf5 16. h4 Nh3+ 17. Kh2 Nxf2 18. Qe2 Nfe4 19. Rg1 Qd6 20. Bxe4 Qxe5+ 21. Rg3 Nxe4 22. Nxe4 fxe4 23. Rg1 Kh8 24. Kh3 Qf5+ 25. Qg4 Qxg4+ 26. Rxg4 Bxb2 27. Rxe4 Ba3 28. Re5 Bd6 29. Rh5 Rg8 30. Rgg5 Rxg5 31. hxg5 Kg7 32. Kg4 a4 33. Kf5 a3 34. Ke4 Ra4 35. Kd3 Rb4 36. Rh2 Rb2 37. Rxb2 axb2 0-1


[Site "https://www.chess.com"]

[Event "Titled Tuesday Blitz August 15 Early 2023"]
[White "Nenezic, Marko"]
[Black "Pax-Pramana"]
[WhiteFideId "912123"]
[WhiteElo "2833"]
[BlackElo "2618"]
[Result "1-0"]
[Round "5"]
[TimeControl "180+1"]
[Date "2023.08.15"]
[WhiteClock "0:00:18"]
[BlackClock "0:00:01"]
[Board "45"]

1. Nf3 Nf6 2. g3 b5 3. Bg2 Bb7 4. d4 e6 5. Qd3 a6 6. a4 Nc6 7. c3 Rb8 8. O-O Be7 9. e4 Ba8 10. axb5 axb5 11. b4 O-O 12. Bg5 d6 13. Nbd2 h6 14. Bxf6 Bxf6 15. h4 Qd7 16. Ra3 Ne7 17. Rfa1 Rfd8 18. Qe3 e5 19. d5 c6 20. Ra7 Qc8 21. c4 bxc4 22. Nxc4 Bb7 23. Qb6 Ra8 24. Kh2 Rxa7 25. Rxa7 Rd7 26. Bh3 cxd5 27. Bxd7 Qxc4 28. Rxb7 dxe4 29. Nd2 Qe2 30. Qe3 Qd1 31. Nxe4 Nd5 32. Nxf6+ Nxf6 33. Bf5 g6 34. Qxh6 Ne8 35. Rb8 1-0


[Site "https://www.chess.com"]